 Dungeon Crawl Stone Soup version 0.17-a0-1621-gfc7a675 (webtiles) character file.

30 Oddball22 the Grasshopper (level 3, -4/22 HPs)
             Began as a Gargoyle Warper on Aug 2, 2015.
             Slain by a worm (8 damage)
             ... on level 1 of the Dungeon.
             The game lasted 00:02:41 (1136 turns).

Oddball22 the Grasshopper (Gargoyle Warper)         Turns: 1136, Time: 00:02:41

Health: -4/22      AC:  6    Str: 15    XL:     3   Next: 20%
Magic:  6/6        EV: 11    Int: 13    God:
Gold:   42         SH:  0    Dex:  9    Spells: 3 memorised, 1 level left

rFire  . . .     SeeInvis .     a - +0 mace
rCold  . . .     Clarity  .     b - +0 leather armour
rNeg   + . .     SustAt   .     (no shield)
rPois  ∞         Gourm    .     (no helmet)
rElec  +         Spirit   .     (no cloak)
rCorr  .         Warding  .     (no gloves)
rMut   .         Stasis   +     (no boots)
MR     .....                    h - amulet of stasis
Stlth  +.........               (no ring)
                                (no ring)

@: not resistant to hostile enchantments, very unstealthy
A: negative energy resistance 1, electricity resistance, unbreathing,
petrification resistance, rot immunity, AC +3
a: no special abilities


You were on level 1 of the Dungeon.
You were not hungry.

You visited 1 branch of the dungeon, and saw 1 of its levels.

You collected 42 gold pieces.

Inventory:

Hand weapons
 a - a +0 mace (weapon)
Missiles
 e - 5 tomahawks of dispersal (quivered)
 j - 10 steel bolts
 k - 38 stones
 q - 9 bolts
Armour
 b - a +0 leather armour (worn)
Jewellery
 h - an amulet of stasis (around neck)
 p - an uncursed amulet of clarity {unknown}
Scrolls
 d - a scroll of blinking
 l - 2 scrolls of recharging {unknown}
 o - a scroll of remove curse {unknown}
 r - a scroll of enchant weapon {unknown}
Potions
 g - 2 potions of agility {unknown}
 m - a potion of haste {unknown}
Books
 c - a book of Spatial Translocations

   Spells                             Type                      Level
   a - Apportation                    Translocation                1
   b - Blink                          Translocation                2
   c - Shroud of Golubria             Charms/Translocation         2
   d - Portal Projectile              Translocation                3
   e - Teleport Other                 Translocation                3
   f - Passage of Golubria            Translocation                4
Comestibles
 f - a bread ration
 i - 2 meat rations
 n - a chunk of flesh


   Skills:
 + Level 2.3 Fighting
 * Level 2.8 Maces & Flails
 - Level 1.0 Throwing
 + Level 2.0 Armour
 - Level 1.5 Dodging
 - Level 2.0 Spellcasting
 + Level 2.9 Translocations


You had one spell level left.
You knew the following spells:

 Your Spells              Type           Power        Failure   Level  Hunger
a - Apportation           Tloc           #.........   12%         1    ##.....
b - Blink                 Tloc           N/A          17%         2    ###....
c - Shroud of Golubria    Chrm/Tloc      #.........   30%         2    ###....


Dungeon Overview and Level Annotations

Branches:
Dungeon (1/15)

Altars:


Innate Abilities, Weirdness & Mutations

You are resistant to torment.
Your stone body is resilient (AC +3).
You are immune to poison.
You resist negative energy.
You are resistant to electric shocks.
You can survive without breathing.
You are immune to petrification.
You are immune to rotting.


Message History

The worm is lightly wounded.
The worm bites you.
You hit the worm.
The worm is lightly wounded.
The worm bites you.
You hit the worm but do no damage.
The worm is lightly wounded.
The worm bites you but does no damage.
You barely miss the worm. You hit the worm.
The worm is lightly wounded.
The worm bites you.
You hit the worm.
The worm is moderately wounded.
The worm bites you!
* * * LOW HITPOINT WARNING * * *
You hit the worm but do no damage.
The worm is lightly wounded.
The worm bites you!
You die...

### ##.## #######...####
######### ..##.........#
##.......## ...#.........###
#.........# #..............#
##.........#
##..###....###.#
#..÷......##
#..####.#..##.####.#.#######
#..##.........w@...#.#
##.....#####.#...####.# #
##....### #..##.###..# #
###.#...# ##.##.##..## ####
# #.###.# #.##.##.##
######... ###..##.###
#....#..# #......##
.##)÷##...# ###....##
##.###### ..#)).###.##
#.#..# #..#
#.......#..####.#.### ##.##
###


You could see a worm.

Vanquished Creatures
  A giant gecko (D:1)
  5 bats (D:1)
  3 giant cockroaches (D:1)
  4 hobgoblins (D:1)
  2 jackals (D:1)
  A giant newt (D:1)
  6 goblins (D:1)
  3 kobolds (D:1)
  2 rats (D:1)
27 creatures vanquished.

Notes
Turn   | Place    | Note
--------------------------------------------------------------
     0 | D:1      | Oddball22 the Gargoyle Warper began the quest for the Orb.
     0 | D:1      | Reached XP level 1. HP: 12/12 MP: 3/3
   293 | D:1      | Reached XP level 2. HP: 12/17 MP: 5/5
   835 | D:1      | Reached XP level 3. HP: 21/21 MP: 6/6
   868 | D:1      | Learned a level 2 spell: Blink
   871 | D:1      | Learned a level 2 spell: Shroud of Golubria
  1136 | D:1      | Slain by a worm

Vault maps used:
D:1:      dpeg_arrival_rooms_a, serial_curves, eino_curves_02, eino_curves_04

Action                   || total
-------------------------++-------
Melee: Mace              ||   110
 Cast: Apportation       ||     1
  Eat: Chunk             ||     1
